 Dungeon Crawl Stone Soup version 0.29-a0-275-g389c0b56f3 (webtiles) character file.

Game seed: 15232362101325475195

2877 bande the Cleaver (level 9, -4/55 HPs)
             Began as a Gargoyle Fighter on Mar 11, 2022.
             Was a Believer of Okawaru.
             Slain by a boulder beetle (12 damage)
             ... on level 7 of the Dungeon.
             The game lasted 00:17:30 (9694 turns).

bande the Cleaver (Gargoyle Fighter)                Turns: 9694, Time: 00:17:31

Health: -4/55      AC: 21    Str: 25    XL:     9   Next: 76%
Magic:  12/12      EV:  6    Int: 13    God:    Okawaru [**....]
Gold:   381        SH:  5    Dex: 13    Spells: 8/8 levels left

rFire   . . .      SeeInvis +   a - +0 war axe (vamp)
rCold   . . .      Faith    .   c - +0 buckler
rNeg    + + .      Spirit   .   q - +0 plate armour
rPois   ∞          Reflect  .   g - +0 hat "Hakkae" {Drain rElec Will+ SInv}
rElec   +          Harm     .   (no cloak)
rCorr   .          Rampage  .   t - +1 pair of gloves
Will    ++...                   (no boots)
Stlth   ..........              C - amulet of Negi {Regen+ Int+3}
HPRegen 0.98/turn               j - +6 ring of strength
MPRegen 0.13/turn               l - ring of positive energy

@: studying Maces & Flails
A: sickness immunity, AC +6, negative energy resistance 1, electricity
resistance, torment resistance 1, petrification resistance, strong-willed 1,
MP-powered wands
a: Renounce Religion, Heroism


You were on level 7 of the Dungeon.
You worshipped Okawaru.
Okawaru was pleased with you.
You visited 2 branches of the dungeon, and saw 8 of its levels.
You also visited: Sewer.

You collected 381 gold pieces.

Inventory:

Hand Weapons
 a - a +0 vampiric war axe (weapon)
 k - a +0 war axe
 v - a +2 flail of draining
Missiles
 y - a throwing net (quivered)
Armour
 c - a +0 buckler (worn)
 g - the +0 hat "Hakkae" (worn) {Drain rElec Will+ SInv}
   (You acquired it on level 2 of the Dungeon)

   rElec:     It insulates you from electricity.
   SInv:      It lets you see invisible.
   Drain:     It drains your maximum health when unequipped.
   Will:      It increases your willpower.
 q - a +0 plate armour (worn)
 t - a +1 pair of gloves (worn)
Jewellery
 j - a +6 ring of strength (left hand)
 l - a ring of positive energy (right hand)
 m - an amulet of magic regeneration
 C - the amulet of Negi (around neck) {Regen+ Int+3}
   (You took it off a gnoll on level 5 of the Dungeon)

   [amulet of regeneration]

   Int:       It affects your intelligence (+3).
   Regen:     It increases your rate of health regeneration.
Wands
 b - a wand of iceblast (9)
 w - a wand of digging (5)
 z - a wand of paralysis (11)
 A - a wand of flame (4)
Scrolls
 o - 2 scrolls of blinking
 r - a scroll of amnesia
 u - a scroll of identify
 x - a scroll of fog
Potions
 d - a potion of might
 e - 2 potions of invisibility
 f - a potion of degeneration {unknown}
 h - 8 potions of curing {unknown}
 i - 4 potions of heal wounds {unknown}
 n - a potion of brilliance {unknown}
 p - 2 potions of berserk rage {unknown}
 s - a potion of cancellation {unknown}
 B - a potion of flight {unknown}


   Skills:
 + Level 5.9 Fighting
 + Level 8.0 Axes
 + Level 7.1 Armour
 + Level 5.3 Shields
 * Level 4.1 Invocations
 * Level 3.3 Evocations


You had 8 spell levels left.
You didn't know any spells.
Your spell library contained the following spells:

 Spells                   Type           Power      Damage    Failure   Level
 Slow                     Hex            0%         N/A       99%         1
 Confusing Touch          Hex            0%         N/A       100%        3
 Dazzling Flash           Conj/Hex       0%         N/A       100%        3
 Portal Projectile        Hex/Tloc       0%         N/A       100%        3
 Vampiric Draining        Necr           0%         2d6       100%        3
 Leda's Liquefaction      Hex/Erth       0%         N/A       100%        4
 Agony                    Necr           0%         N/A       100%        5
 Silence                  Hex/Air        0%         N/A       100%        5
 Call Canine Familiar     Summ           Unusable   N/A       N/A         3

Dungeon Overview and Level Annotations

Branches:
Dungeon (7/15)             Temple (1/1) D:5           Sewer (visited)

Altars:
Ashenzari
Cheibriados
Dithmenos
Elyvilon
Fedhas
Gozag
Hepliaklqana
Kikubaaqudgha
Makhleb
Nemelex Xobeh
Okawaru
Qazlal
Ru
Sif Muna
Trog
Uskayaw
Vehumet
Wu Jian
Xom
Zin
The Shining One

Shops:
D:1 (   D:6 !


Innate Abilities, Weirdness & Mutations

You are immune to sickness and miasma.
Your stone body is resilient. (AC +6)
You are immune to poison.
You resist negative energy. (rN+)
You are resistant to electric shocks. (rElec)
You are resistant to unholy torment.
You are immune to petrification.
You are strong-willed. (Will+)
You expend magic power (3 MP) to strengthen your wands.


Message History

No target in view!
No target in view!
No target in view!
You start resting.
HP restored.
You start waiting.
Done waiting.
You climb downwards.
The howler monkey hoots and howls with incredible vigour!
The boulder beetle curls into a ball and begins rolling!
There is a stone staircase leading up here.
You hit the boulder beetle but do no damage.
The boulder beetle hits you!!
Ouch! That really hurt!
The boulder beetle stops rolling and uncurls.
The howler monkey hoots and howls with incredible vigour!
You hear a shout!
You are too injured to fight recklessly!
You are too injured to fight recklessly!
You are too injured to fight recklessly!
You are too injured to fight recklessly!
You are too injured to fight recklessly!
You are too injured to fight recklessly!
You are too injured to fight recklessly!
You are too injured to fight recklessly!
You hit the boulder beetle but do no damage.
The boulder beetle bites you.
The boulder beetle waves its antennae.
You block the boulder beetle's attack.
Unknown command.
You hit the boulder beetle but do no damage.
You hit the howler monkey. You block the howler monkey's attack.
The boulder beetle bites you!!
* * * LOW HITPOINT WARNING * * *
Unknown command.
You hit the boulder beetle but do no damage.
You closely miss the howler monkey.
The howler monkey hoots and howls with incredible vigour!
The boulder beetle bites you!
You die...

#....# #....## ###.....#
### #......##
##.#####...##.## .
##.....#.....#).# #..
#......#....##.###.)..
##..........#.Bh.....#
##....#....)#@.###..#
##...#....)<...#....
######..##......).......
..#.#...#...............
..#.....................
........................
.#.#....................
#..#.............(......
....................#.#.


You could see a boulder beetle and a howler monkey (catching breath).

Vanquished Creatures
  Grinder (D:6)
  The ghost of AlmostDecent the Magician, an amateur DjCj (D:5)
  Sigmund (D:4)
  Edmund (D:6)
  3 sky beasts (D:6)
  An orc warrior (D:6)
  An ice beast (D:6)
  2 ogres (D:5)
  A phantom (D:5)
  4 bullfrogs
  A necrophage (D:5)
  2 gnoll sergeants (D:5)
  4 wights (D:4)
  2 howler monkeys (D:6)
  2 jellies
  A gnoll shaman (D:5)
  An orc priest (D:3)
  3 hounds (D:5)
  Natasha (thrice) (D:2)
  Terence (D:2)
  4 iguanas
  4 orc wizards
  7 gnolls (D:5)
  8 adders
  3 white imps
  2 ufetubi (D:5)
  A worm (D:3)
  4 dart slugs
  26 orcs
  6 bats
  9 endoplasms
  11 giant cockroaches
  12 goblins
  4 hobgoblins
  7 jackals
  7 quokkas
  13 ball pythons
  6 frilled lizards
  3 kobolds
  9 rats
182 creatures vanquished.

Vanquished Creatures (others)
  7 plants
7 creatures vanquished.

Grand Total: 189 creatures vanquished

Notes
Turn   | Place    | Note
-------+----------+-------------------------------------------
     0 | D:1      | bande the Gargoyle Fighter began the quest for the Orb.
     0 | D:1      | Reached XP level 1. HP: 14/14 MP: 1/1
   158 | D:1      | Found Zoroh's Antique Weapon Emporium.
   170 | D:1      | Reached XP level 2. HP: 19/19 MP: 2/2
   543 | D:1      | Reached skill level 2 in Axes
   692 | D:2      | Identified a scroll of acquirement
   692 | D:2      | Acquired the +0 hat "Hakkae" {Drain rElec Will+ SInv}
   722 | D:2      | Reached XP level 3. HP: 9/23 MP: 3/3
  1039 | D:2      | Gained mutation: You expend magic power (3 MP) to
                  | strengthen your wands. [potion of mutation]
  1039 | D:2      | Gained mutation: You are strong-willed. (Will+) [potion of
                  | mutation]
  1247 | D:2      | Reached XP level 4. HP: 27/28 MP: 4/4
  1276 | D:2      | Noticed Natasha
  1286 | D:2      | Killed Natasha
  1287 | D:2      | Reached skill level 3 in Axes
  1584 | D:2      | Noticed Terence
  1598 | D:2      | Killed Terence
  1599 | D:2      | Reached XP level 5. HP: 11/33 MP: 5/5
  2112 | D:2      | Noticed Natasha
  2121 | D:2      | Killed Natasha
  2286 | D:2      | Noticed Natasha
  2291 | D:2      | Killed Natasha
  2516 | D:3      | Found an ornate altar of the Wu Jian Council.
  2769 | D:3      | Reached skill level 4 in Axes
  2769 | D:3      | Reached XP level 6. HP: 28/38 MP: 6/6
  2996 | D:3      | Found a faded altar of an unknown god.
  3137 | D:3      | Found a radiant altar of Vehumet.
  3464 | D:4      | Noticed Sigmund
  3474 | D:4      | Killed Sigmund
  3475 | D:4      | Reached skill level 5 in Armour
  3741 | D:4      | Reached XP level 7. HP: 34/44 MP: 7/7
  3901 | D:4      | Found a blossoming altar of Fedhas.
  3910 | D:4      | Found a shadowy altar of Dithmenos.
  3937 | D:4      | Found a glowing drain.
  3962 | Sewer    | Entered a sewer
  4402 | Sewer    | Reached skill level 5 in Axes
  5053 | D:4      | Found a white marble altar of Elyvilon.
  5056 | D:4      | Found a burning altar of Makhleb.
  5061 | D:4      | Found a hide-covered altar of Uskayaw.
  5413 | D:5      | Entered Level 5 of the Dungeon
  6067 | D:5      | Reached XP level 8. HP: 48/48 MP: 8/8
  6179 | D:5      | Found a staircase to the Ecumenical Temple.
  6210 | Temple   | Entered the Ecumenical Temple
  6286 | Temple   | Became a worshipper of Warmaster Okawaru
  6360 | Temple   | Reached skill level 5 in Fighting
  6515 | D:5      | Reached skill level 6 in Axes
  6789 | D:5      | Reached skill level 1 in Invocations
  6855 | D:5      | Reached skill level 1 in Evocations
  6991 | D:5      | Found a glowing silver altar of Zin.
  7200 | D:5      | Found a transporter.
  7205 | D:5      | Noticed AlmostDecent's ghost (amateur DjCj)
  7206 | D:5      | Identified the amulet of Negi {Regen+ Int+3}
  7207 | D:5      | Found a transporter.
  7404 | D:5      | Killed AlmostDecent's ghost
  7404 | D:5      | Reached * piety under Okawaru
  7411 | D:5      | Reached XP level 9. HP: 18/54 MP: 9/11
  7783 | D:6      | Reached skill level 7 in Axes
  8038 | D:6      | Reached skill level 5 in Shields
  8179 | D:6      | Noticed Grinder
  8223 | D:6      | Killed Grinder
  8223 | D:6      | Reached ** piety under Okawaru
  8461 | D:6      | Found Zifomyf's Distillery.
  8615 | D:6      | Noticed Edmund
  8628 | D:6      | Killed Edmund
  8648 | D:6      | Found a sacrificial altar of Ru.
  9367 | D:7      | Noticed a boulder beetle
  9375 | D:6      | Reached skill level 8 in Axes
  9694 | D:7      | Slain by a boulder beetle

Illustrated notes

Levels and vault maps discovered:
D:1:      beargit_arrival_diablo_church, layout_basic, serial_shops,
          nicolae_shop_waterfront, serial_bayou_ford_a
D:2:      layout_loops_ring, minmay_pentomino_o4, uniq_natasha, uniq_terence
D:3:      layout_loops_ring, vehumet_crystals, nzn_wu_jian_council_hall,
          ebering_ecumenical_altar_webs
D:4:      layout_cave_pods, grunt_dithmenos_smoke, lemuel_round_altar,
          grunt_temple_overflow_diamond, cheibrodos_sewer_entry_drain,
          uniq_sigmund
D:5:      layout_rooms, zin_statuary, minmay_temple_entry_tees, serial_glass,
          glass_columns_a, glass_columns_b, gammafunk_ghost_gnarly_gnolls,
          minmay_ogre_servants
D:6:      layout_layer_cave, nicolae_ru_great_annihilating_truth, serial_shops,
          shop, skrybe_limestone_x, minmay_stone_trees_medium,
          minmay_crystal_water, grunt_ministairs_12, uniq_grinder, uniq_edmund
D:7:      layout_cave_pools, uniq_menkaure, uniq_maggie, uniq_crazy_yiuf_cottage
Temple:   dshaligram_water_room_temple

Skill      XL: |  1  2  3  4  5  6  7  8  9 |
---------------+----------------------------+-----
Axes           | 2 3 4 5 6 8 |  8.0
Armour         | 4 5 6 7 |  7.1
Fighting       | 4 5 |  5.9
Shields        | 4 5 |  5.3
Invocations    | 2 4 |  4.1
Evocations     | 2 3 |  3.3

Action                   |  1- 3 |  4- 6 |  7- 9 || total
-------------------------+-------+-------+-------++-------
Melee: War axe           |    83 |   126 |   472 ||   681
  Use: Scroll            |     4 |     2 |     6 ||    12
       Potion            |     1 |     2 |       ||     3
 Stab: Paralysed         |       |       |     2 ||     2
Armor: Scale mail        |    39 |    49 |   102 ||   190
       Plate armour      |       |       |   261 ||   261
Dodge: Dodged            |    54 |    45 |   200 ||   299
Block: Buckler           |    24 |    30 |   134 ||   188

Table legend: (Time is in decaauts)
 A = Elapsed time spent in this place.
 B = Non-inter-level travel time spent in this place.
 C = Inter-level travel time spent in this place.
 D = Time resting spent in this place.
 E = Time spent auto-exploring this place.
 F = Levels seen in this place.
 G = Mean time per level.
                   A        B        C        D        E       F      G
               +--------+--------+--------+--------+--------+-----+--------+
         Total |   9977 |   9883 |     94 |   2615 |   4913 |   9 | 1108.6 |
       Dungeon |   8889 |   8795 |     94 |   2391 |   4419 |   7 | 1269.9 |
        Temple |    239 |    239 |      0 |    147 |      0 |   1 |  239.0 |
         Sewer |    848 |    848 |      0 |     77 |    493 |   1 |  848.0 |
               +--------+--------+--------+--------+--------+-----+--------+

Top non-repeatable levels by time:
     D:4: 1878 daAuts
     D:6: 1860 daAuts
     D:2: 1746 daAuts
     D:5: 1513 daAuts
     D:3: 1125 daAuts
   Sewer: 848 daAuts
     D:1: 666 daAuts
  Temple: 239 daAuts
     D:7: 99 daAuts
